 Dungeon Crawl Stone Soup version 0.27-a0-1140-g099f9bb0e8 (webtiles) character file.

Game seed: 15017844244595309885

14 CurlyBrace the Chiller (level 2, 0/12 HPs)
             Began as a Felid Ice Elementalist on May 10, 2021.
             Slain by a goblin
             ... wielding a +0 club
             ... led by Robin
              (4 damage)
             ... on level 4 of the Dungeon.
             The game lasted 00:01:49 (248 turns).

CurlyBrace the Chiller (Felid Ice Elementalist)      Turns: 248, Time: 00:01:49

Health: 0/12       AC:  1    Str:  4    XL:     2   Next: 27%
Magic:  5/6        EV: 17    Int: 16    God:
Gold:   50         SH:  0    Dex: 16    Spells: 4/5 levels left
                                        Lives:  0   Deaths: 0

rFire    . . .     SeeInvis +     - Unarmed
rCold    . . .     Faith    .   (shield unavailable)
rNeg     . . .     Spirit   .   (armour unavailable)
rPois    .         Reflect  .   (helmet unavailable)
rElec    .         Harm     .   (cloak unavailable)
rCorr    .         Rampage  .   (gloves unavailable)
Will     .....                  (boots unavailable)
Stlth    ++........             (no amulet)
HPRegen  0.04/turn              (no ring)
MPRegen  0.10/turn              (no ring)

@: quick
A: very small, claws 1, fangs 3, see invisible, speed 1, shaggy fur 1, stealthy
paws, no weapons or thrown items, no armour, multi-lived
a: no special abilities


You were on level 4 of the Dungeon.
You visited 1 branch of the dungeon, and saw 4 of its levels.

You collected 50 gold pieces.

Inventory:

Scrolls
 a - a scroll of vulnerability


   Skills:
 * Level 0.9 Fighting
 + Level 2.9 Dodging
 + Level 2.9 Stealth
 * Level 1.1 Unarmed Combat
 - Level 2.0 Spellcasting
 - Level 3.6 Ice Magic


You had 4 spell levels left.
You knew the following spells:

 Your Spells              Type           Power      Damage    Failure   Level
a - Freeze                Ice            52%        1d7       4%          1

Your spell library contained the following spells:

 Spells                   Type           Power      Damage    Failure   Level
 Frozen Ramparts          Ice            26%        1d4       14%         3
 Ozocubu's Armour         Ice            13%        N/A       14%         3
 Hailstorm                Conj/Ice       7%         3d4       69%         4
 Metabolic Englaciation   Hex/Ice        3%         N/A       95%         5


Dungeon Overview and Level Annotations

Branches:
Dungeon (4/15)
 Temple: D:4-7

Altars:

Annotations:
D:3 Robin


Innate Abilities, Weirdness & Mutations

You have sharp claws.
You have razor-sharp teeth.
You have supernaturally acute eyesight. (SInv)
You cover ground quickly. (Speed+)
You are covered in fur. (AC +1)
Your paws help you pounce on unaware monsters.
You are incapable of wielding weapons or throwing items.
You cannot wear armour.
You gain extra lives every three experience levels.


Message History

Unknown command.
Casting: Freeze (safe; 4% risk of failure)
Confirm with . or Enter, or press ? or * to list all spells.
You can't see any susceptible monsters within range! (Use Z to cast anyway.) Unknown command.
Unknown command.
There is a stone staircase leading down here.
You climb downwards.
There is a stone staircase leading up here.
There is a stone staircase leading up here.
A hobgoblin comes into view.
A goblin and a hobgoblin come into view.
The hobgoblin shouts!
The goblin shouts!
A ball python comes into view.
Robin of the Strong Arm comes into view.
They are wielding a +0 dagger.
A hobgoblin comes into view.
The hobgoblin shouts!
The ball python hisses angrily.
A goblin comes into view. It is wielding a +0 club.
Found 8 gold pieces.
Robin shouts!
You hear a shout! x2
Found a stone staircase leading down. 4 goblins and a hobgoblin come into view.
The hobgoblin shouts!
The goblin shouts!
You hear a shout!
Found 6 gold pieces and a robe.
Robin throws the goblin at you! The goblin misses you.
You feel your willpower return.
There is a stone staircase leading down here.
The goblin barely misses you.
You climb downwards.
A ball python comes into view.
There is a stone staircase leading up here.
Casting: Freeze (safe; 4% risk of failure)
Confirm with . or Enter, or press ? or * to list all spells.
Aiming: Freeze (safe; 4% risk of failure)
Press: ? - help, Shift-Dir - straight line, f - goblin
Aim: a goblin, wielding a +0 club You freeze the goblin.
The goblin is severely wounded.
The goblin hits you with a +0 club.
You die...

###########..#
#......@g...#
#.##.#####...#
S.# .


You could see a goblin and a ball python.

Vanquished Creatures
  A dart slug (D:3)
  An endoplasm (D:1)
  2 goblins (D:1)
  A hobgoblin (D:1)
  A quokka (D:1)
  2 ball pythons
  A bat (D:3)
  2 rats (D:2)
11 creatures vanquished.

Notes
Turn   | Place    | Note
-------+----------+-------------------------------------------
     0 | D:1      | CurlyBrace the Felid Ice Elementalist began the quest for
                  | the Orb.
     0 | D:1      | Reached XP level 1. HP: 7/7 MP: 4/4
   143 | D:3      | Reached XP level 2. HP: 5/12 MP: 1/6
   160 | D:3      | Reached skill level 1 in Unarmed Combat
   236 | D:3      | Noticed Robin
   248 | D:4      | Slain by a goblin

Illustrated notes

Levels and vault maps discovered:
D:1:      eino_arrival_cavern_d, layout_rooms
D:2:      kennysheep_six_static_rooms, layout_basic
D:3:      layout_basic, marbit_many_paths, tso_metal_star,
          hellmonk_ecumenical_altar_lost_god, uniq_robin
D:4:      layout_loops_ring, lemuel_round_altar, temple_doors_cd,
          gammafunk_ghost_arena, chequers_mini_garden

Skill      XL: |  1  2 |
---------------+-------+-----
Unarmed Combat | 1 |  1.1
Fighting       | |  0.9
Dodging        | |  2.9
Stealth        | |  2.9
Spellcasting   | |  2.0
Ice Magic      | |  3.6

Action                   || total
-------------------------++-------
Melee: Unarmed           ||    16
       Bite              ||     2
 Cast: Freeze            ||    13
  Use: Scroll            ||     4
       Potion            ||     1
 Stab: Sleeping          ||     1
Armor: Skin              ||     2
Dodge: Dodged            ||    25

Table legend: (Time is in decaauts)
 A = Elapsed time spent in this place.
 B = Non-inter-level travel time spent in this place.
 C = Inter-level travel time spent in this place.
 D = Time resting spent in this place.
 E = Time spent auto-exploring this place.
 F = Levels seen in this place.
 G = Mean time per level.
                   A        B        C        D        E       F      G
               +--------+--------+--------+--------+--------+-----+--------+
         Total |    213 |    213 |      0 |      0 |      0 |   4 |   53.2 |
       Dungeon |    213 |    213 |      0 |      0 |      0 |   4 |   53.2 |
               +--------+--------+--------+--------+--------+-----+--------+

Top non-repeatable levels by time:
     D:1: 99 daAuts
     D:3: 77 daAuts
     D:2: 35 daAuts
     D:4: 0 daAuts
